 Dungeon Crawl Stone Soup version 0.31-a0-1547-g618ab1f346 (webtiles) character file.

Game seed: 15530035247694827955

150919 Flugslaktarn the Warrior (level 16, -30/243 HPs)
             Began as a Minotaur Fighter on Jan 2, 2024.
             Was the Champion of Uskayaw.
             Blown up by an orb spider (57 damage)
             ... with an orb of destruction
             ... on level 4 of the Spider Nest.
             The game lasted 00:12:37 (15836 turns).

Flugslaktarn the Warrior (Minotaur Fighter)        Turns: 15836, Time: 00:12:37

Health: -30/243    AC: 35    Str: 22      XL:     16   Next: 77%
Magic:  1/27       EV: 16    Int:  5      God:    Uskayaw [******]
Gold:   1879       SH:  0    Dex: 14 (16) Spells: 15/15 levels left

rFire   . . .        w - +8 pair of quick blades "Gyre" and "Gimble" {protect}
rCold   + . .        (shield currently unavailable)
rNeg    . . .        L - +10 plate armour {ponderous}
rPois   .            (helmet restricted)
rElec   .            U - +2 cloak {rC+}
rCorr   .            M - +0 pair of gloves of Existentialism {Regen+ Str-3 Dex+2}
SInv    .            O - +2 pair of boots
Will    +....        x - amulet of regeneration Stlth
                     v - +5 ring of evasion
HPRegen 2.20/turn    p - +4 ring of protection
MPRegen 0.20/turn

%: no passive effects
@: berserking (expiring), corroded, under a protective aura, studying Stealth,
very quick
A: horns 2, retaliatory headbutt
a: Renounce Religion, Stomp, Line Pass, Grand Finale


You were on level 4 of the Spider Nest.
You worshipped Uskayaw.
Uskayaw was most pleased with you.
You visited 4 branches of the dungeon, and saw 23 of its levels.
You also visited: Bailey and Ice Cave.

You collected 2441 gold pieces.
You spent 562 gold pieces at shops.

Inventory:

Hand Weapons
 b - a +2 short sword of distortion
   (You took it off Sonja on level 2 of the Lair of Beasts)
 w - the +8 pair of quick blades "Gyre" and "Gimble" (weapon) {protect}
   (You found it on level 3 of the Dungeon)
Armour
 j - a +0 kite shield
   (You found it on level 2 of the Dungeon)
 y - a scarf of repulsion
   (You found it on level 3 of the Lair of Beasts)
 E - a +0 cloak of willpower
   (You took it off Nikola on level 4 of the Spider Nest)
 G - the +2 pair of gloves of Liberty {*Slow rC++ rCorr Slay+2}
   (You found it on level 4 of the Lair of Beasts)

   Slay+2:    It affects your accuracy & damage with ranged weapons and melee
   (+2).
   rC++:      It greatly protects you from cold.
   rCorr:     It protects you from acid and corrosion.
   *Slow:     It may slow you when you take damage.
 L - a +10 plate armour of ponderousness (worn)
   (You found it in a bailey)
 M - the +0 pair of gloves of Existentialism (worn) {Regen+ Str-3 Dex+2}
   (You found it in a bailey)

   Str-3:     It affects your strength (-3).
   Dex+2:     It affects your dexterity (+2).
   Regen+:    It increases your rate of health regeneration.
 O - a +2 pair of boots (worn)
   (You found it on level 1 of the Dungeon)
 R - a +2 pair of gloves
   (You found it on level 5 of the Lair of Beasts)
 U - a +2 cloak of cold resistance (worn)
   (You found it in an ice cave)
Jewellery
 a - a +6 ring of dexterity
   (You found it on level 1 of the Lair of Beasts)
 f - a ring of protection from fire
   (You found it on level 1 of the Dungeon)
 i - a ring of see invisible
   (You found it on level 8 of the Dungeon)
 m - the ring "Qibbat" {rN+ Str+3 Int+6}
   (You found it on level 12 of the Dungeon)

   [ring of intelligence]

   Str+3:     It affects your strength (+3).
   Int+6:     It affects your intelligence (+6).
   rN+:       It protects you from negative energy.
 p - a +4 ring of protection (right hand)
   (You found it on level 9 of the Dungeon)
 v - a +5 ring of evasion (left hand)
   (You found it on level 2 of the Dungeon)
 x - an amulet of regeneration (around neck)
   (You bought it in a shop on level 2 of the Orcish Mines)
 D - a ring of flight
   (You found it on level 5 of the Dungeon)
Wands
 u - a wand of light (5)
   (You found it on level 3 of the Dungeon)
 A - a wand of paralysis (25)
   (You found it on level 8 of the Dungeon)
 I - a wand of mindburst (10)
   (You found it on level 5 of the Lair of Beasts)
Scrolls
 c - a scroll of enchant armour
 e - 2 scrolls of silence
 g - 2 scrolls of revelation
 k - 2 scrolls of fog
 r - 5 scrolls of identify
 s - 3 scrolls of vulnerability
 t - 6 scrolls of teleportation
 z - 2 scrolls of blinking
 B - 2 scrolls of brand weapon
 J - 7 scrolls of enchant weapon
 K - a scroll of immolation
Potions
 d - 5 potions of might
 h - 6 potions of haste
 l - 2 potions of ambrosia
 n - a potion of degeneration {unknown}
 o - 4 potions of lignification
 q - 7 potions of curing
 C - 2 potions of magic
 F - a potion of berserk rage
 H - 2 potions of mutation
 N - 3 potions of invisibility
 Q - 2 potions of cancellation
 S - a potion of resistance {unknown}
 T - a potion of enlightenment
Miscellaneous
 P - a phial of floods
   (You found it on level 5 of the Lair of Beasts)


   Skills:
 + Level 19.6 Fighting
 - Level 14.0 Short Blades
 - Level 3.8 Axes
 + Level 16.3 Armour
 + Level 10.0 Dodging
 - Level 3.8 Shields
 + Level 16.2 Invocations


You had 15 spell levels left.
You didn't know any spells.
Your spell library contained the following spells:

 Spells                   Type           Power      Damage    Failure   Level
 Foxfire                  Conj/Fire      0%         2x1d4     99%         1
 Sandblast                Erth           0%         2d4       99%         1
 Shock                    Conj/Air       0%         1d3       99%         1
 Slow                     Hex            0%         N/A       99%         1
 Cigotuvi's Dreadful Rot  Necr/Alch/Air  0%         N/A       100%        2
 Ensorcelled Hibernation  Hex/Ice        0%         N/A       100%        2
 Jinxbite                 Hex            0%         N/A       100%        2
 Mercury Vapours          Alch/Air       0%         N/A       100%        2
 Static Discharge         Conj/Air       0%         3-3/arc   100%        2
 Confusing Touch          Hex            0%         N/A       100%        3
 Frozen Ramparts          Ice            0%         1d1       100%        3
 Fugue of the Fallen      Necr           0%         N/A       100%        3
 Ozocubu's Armour         Ice            0%         N/A       100%        3
 Passwall                 Erth           0%         N/A       100%        3
 Sigil of Binding         Hex            0%         N/A       100%        3
 Stone Arrow              Conj/Erth      0%         3d7       100%        3
 Swiftness                Air            0%         N/A       100%        3
 Vampiric Draining        Necr           0%         2d6       100%        3
 Volatile Blastmotes      Fire/Tloc      0%         2d10      100%        3
 Airstrike                Air            0%         2d(0-16)  100%        4
 Anguish                  Hex/Necr       0%         N/A       100%        4
 Animate Armour           Summ/Erth      0%         N/A       100%        4
 Animate Dead             Necr           0%         N/A       100%        4
 Brom's Barrelling Bould  Conj/Erth      0%         2d3       100%        4
 Dispel Undead            Necr           0%         3d6       100%        4
 Fulminant Prism          Conj/Alch      0%         3d5       100%        4
 Iskenderun's Mystic Bla  Conj/Tloc      0%         2d3       100%        4
 Leda's Liquefaction      Alch/Erth      0%         N/A       100%        4
 Manifold Assault         Tloc           0%         N/A       100%        4
 Martyr's Knell           Necr/Summ      0%         N/A       100%        4
 Petrify                  Alch/Erth      0%         N/A       100%        4
 Summon Lightning Spire   Summ/Air       0%         N/A       100%        4
 Vhi's Electric Charge    Tloc/Air       0%         N/A       100%        4
 Lee's Rapid Deconstruct  Erth           0%         3d4*      100%        5
 Metabolic Englaciation   Hex/Ice        0%         N/A       100%        5
 Summon Forest            Summ/Tloc      0%         N/A       100%        5
 Summon Mana Viper        Hex/Summ       0%         N/A       100%        5
 Yara's Violent Unravell  Hex/Alch       0%         3d3       100%        5
 Death Channel            Necr           0%         N/A       100%        6
 Plasma Beam              Fire/Air       0%         2x1d10    100%        6
 Starburst                Conj/Fire      0%         6d3       100%        6
 Summon Cactus Giant      Summ           0%         N/A       100%        6
 Enfeeble                 Hex            0%         N/A       100%        7
 Haunt                    Necr/Summ      0%         N/A       100%        7
 Infestation              Necr           0%         N/A       100%        8


Dungeon Overview and Level Annotations

Branches:
Dungeon (12/15)            Temple (0/1) D:6            Lair (5/5) D:10
 Shoals (0/4) Lair:3       Spider (4/4) Lair:3        Slime (0/5) Lair:5
    Orc (2/2) D:12            Elf (0/3) Orc:2        Bailey (visited)
  IceCv (visited)

Altars:
Ashenzari
Elyvilon
Hepliaklqana
Makhleb
Okawaru
Qazlal
Trog
Uskayaw
Yredelemnul
Zin
The Shining One
Jiyva

Shops:
D:1 (   D:5 **   Orc:2 (=?=:

Annotations:
D:8 2 transporters
D:10 1 runed translucent door
D:12 3 runed translucent doors, PanSaczeczos's ghost, journeyman SpAl
Lair:2 1 runed translucent door, Arcadio's ghost, journeyman OnCA


Innate Abilities, Weirdness & Mutations

You have a pair of horns on your head.
You reflexively headbutt those who attack you in melee.


Message History

You completely miss something. Your headbutt misses something.
The orb of destruction hits you!!!
* * * LOW HITPOINT WARNING * * *
You feel you are being watched by something.
You feel your power leaking away. Something hits you!
* * * LOW HITPOINT WARNING * * *
You feel clumsy. Something barely misses you.
Something stings you but does no damage.
The entropy weaver closely misses you. The entropy weaver misses you. x2
The entropy weaver closely misses you.
You hit the entropy weaver but do no damage.
Your headbutt misses the entropy weaver.
You hit the entropy weaver but do no damage.
You barely miss the entropy weaver.
Your headbutt misses the entropy weaver.
You hit the entropy weaver but do no damage.
Your headbutt misses the entropy weaver.
You feel you are being watched by something.
Something hits you!
* * * LOW HITPOINT WARNING * * *
Something hits you but does no damage.
Something stings you but does no damage.
It was a potion of berserk rage.
A red film seems to cover your vision as you go berserk!
You feel yourself moving faster!
You feel mighty!
The entropy weaver hits you but does no damage.
The entropy weaver hits you.
* * * LOW HITPOINT WARNING * * *
The entropy weaver hits you but does no damage. x2
You feel you are being watched by something.
Something hits you.
* * * LOW HITPOINT WARNING * * *
Something hits you but does no damage. Something stings you!
* * * LOW HITPOINT WARNING * * *
The entropy weaver gestures at you while chanting.
The entropic weave corrodes you!
The orb spider pulsates with a strange energy.
You hit the entropy weaver but do no damage.
You headbutt the entropy weaver!
You hit the entropy weaver but do no damage.
You hit the entropy weaver. You headbutt the entropy weaver!
You hit the entropy weaver but do no damage.
The entropy weaver is moderately wounded.
You hit the entropy weaver but do no damage.
You headbutt the entropy weaver.
You hit the entropy weaver but do no damage.
You puncture the entropy weaver! You hit the entropy weaver.
You headbutt the entropy weaver!
The entropy weaver is heavily wounded.
Something hits you but does no damage. x2
Something stings you but does no damage.
The entropy weaver barely misses you.
The entropy weaver hits you but does no damage.
The entropy weaver barely misses you. The entropy weaver misses you.
You barely miss the entropy weaver.
You headbutt the entropy weaver, but do no damage.
You hit the entropy weaver but do no damage.
You headbutt the entropy weaver. You closely miss the entropy weaver.
You hit the entropy weaver.
You headbutt the entropy weaver, but do no damage.
The entropy weaver is severely wounded.
You closely miss the entropy weaver. You hit the entropy weaver. x2
Your headbutt misses the entropy weaver.
You puncture the entropy weaver!
Your headbutt misses the entropy weaver.
The entropy weaver is almost dead.
Something hits you.
* * * LOW HITPOINT WARNING * * *
You feel clumsy. Something hits you but does no damage.
Something stings you but does no damage.
The entropy weaver closely misses you.
The entropy weaver hits you but does no damage.
The entropy weaver barely misses you.
The entropy weaver hits you but does no damage.
You miss something. You puncture something! You closely miss something.
You headbutt something. You puncture something! You headbutt something!
You hit the entropy weaver but do no damage.
You headbutt the entropy weaver!
You kill the entropy weaver!
You barely miss something. You headbutt something. You closely miss something.
Your headbutt misses something. You hit something. You closely miss something.
Something hits you but does no damage. Something barely misses you.
Something stings you but does no damage.
You hit something. You hit something but do no damage. You headbutt something.
You puncture something! You barely miss something.
The orb spider weaves a glowing orb of energy.
An orb of destruction comes into view.
You hit something. Your headbutt misses something. You hit something.
You headbutt something.
Reactivating autopickup.
You feel a bit more experienced.
You feel your strength returning.
Things that are here:
an entropy weaver corpse; a ghost moth corpse You feel a strong urge to attack something.
The orb of destruction hits you!!!
You die...

....##........# #.!####''†####
....^#........###.. #^..^.....#
#....##......)##...##.........#
##....#......##...##...........
.#..^##....^.##..##...#.....#..
.#####.......##..#...###...###..
.....##.....###..†....#^....#
...
......##....###...............
^......#....##..@......^..^....
.......#....##.☼#...^#...^...#.
......##...^##.○#...###..^..##
#^...##.....##.○##.:.# ..^.
.....#......##s○!#..... ..^
....##......##..##...#..
#..##.......##.^# ..###^
####........##..# .$
#.^.........##...


You could see an orb spider.

Vanquished Creatures
  Nikola (Spider:4)
  Rupert (D:12)
  A shadow dragon (D:12)
  A storm dragon (D:12)
  Aizul (Spider:2)
  2 frost giants (D:12)
  A fire giant (D:12)
  7 emperor scorpions
  2 ghost moths (Spider:4)
  A broodmother (Spider:2)
  A spark wasp (Spider:4)
  An ettin (Orc:2)
  2 blizzard demons (IceCv)
  A deep elf high priest (D:12)
  Josephine (Orc:1)
  3 entropy weavers
  A caustic shrike simulacrum (IceCv)
  A rakshasa (D:12)
  4 hydras
  A jorogumo (Spider:4)
  3 centaur warriors
  2 radroaches (Spider:2)
  3 boulder beetles (D:12)
  13 death yaks
  2 two-headed ogres
  A merfolk avatar (Lair:5)
  A death scarab (Spider:2)
  A deep troll earth mage (D:12)
  3 demonic crawlers
  2 tengu warriors
  Sonja (Lair:2)
  3 skysharks
  2 pharaoh ants
  A sea snake (Lair:5)
  A sun moth (Spider:1)
  2 lindwurms (Lair:5)
  A bog body (IceCv)
  7 spriggan simulacra (IceCv)
  6 orb spiders
  An obsidian statue (IceCv)
  An orc knight (Orc:2)
  4 deep elf pyromancers
  A deep elf zephyrmancer (D:12)
  11 wolf spiders
  2 harpies (Lair:5)
  4 steelbarb worms
  3 ugly things
  4 manticores
  An orc sorcerer (Orc:1)
  3 cyclopes
  2 moths of wrath
  6 meliai (Spider:2)
  12 elephants
  4 kobold blastminers (Orc:2)
  16 cane toads
  9 black mambas
  3 torpor snails
  An efreet (D:12)
  2 gargoyles
  A yaktaur (D:12)
  2 kobold demonologists (D:11)
  An unseen horror (D:12)
  5 rime drakes
  10 ice devils (IceCv)
  A freezing wraith (IceCv)
  10 komodo dragons
  4 anaconda simulacra (IceCv)
  2 hornets
  2 polar bears
  9 trolls
  11 tarantellas
  A wind drake (Lair:5)
  An alligator simulacrum (IceCv)
  15 blink frogs
  13 dream sheep (Lair:5)
  2 water elementals (D:12)
  2 shadows
  21 jumping spiders
  5 wyverns
  A spriggan (shapeshifter) (D:8)
  13 culicivoras
  61 yaks
  3 dire elephant simulacra (IceCv)
  6 wraiths
  2 basilisks
  A steam dragon (Lair:5)
  Grum (D:8)
  2 wargs (Orc:2)
  12 minotaur simulacra (IceCv)
  Menkaure (D:4)
  22 redbacks
  6 vampire mosquitoes
  4 acid dragons
  9 water moccasins
  2 hydra simulacra (IceCv)
  An ice beast (D:7)
  32 orc warriors
  A boggart (D:9)
  4 black bears
  An ogre (D:5)
  8 wolves
  10 centaurs
  A phantom (D:6)
  3 kobold brigands
  Blork the orc (D:4)
  A gnoll sergeant (D:8)
  15 bullfrogs
  10 deep troll simulacra (IceCv)
  2 scorpions (D:5)
  14 wights
  17 killer bees
  2 lindwurm simulacra (IceCv)
  8 electric eels
  5 howler monkeys
  5 orc priests
  A hound (D:5)
  5 jellies
  A gnoll bouda (D:9)
  An iguana (D:6)
  A sleepcap (D:7)
  Terence (D:2)
  13 orc wizards
  A human skeleton (D:10)
  3 adders
  14 gnolls
  A shadow imp (D:6)
  2 white imps
  A dart slug (D:1)
  A ribbon worm (D:2)
  58 orcs
  6 endoplasms
  2 giant cockroaches (D:1)
  20 goblins
  5 hobgoblins
  8 jackals
  2 quokkas (D:2)
  10 ball pythons
  3 bats
  3 frilled lizards (D:1)
  A goblin skeleton (D:10)
  11 kobolds
  5 rats
764 creatures vanquished.

Vanquished Creatures (others)
  A scorpion (Spider:2)
1 creature vanquished.

Grand Total: 765 creatures vanquished

Notes
Turn   | Place    | Note
-------+----------+-------------------------------------------
     0 | D:1      | Flugslaktarn the Minotaur Fighter began the quest for the
                  | Orb.
     0 | D:1      | Reached XP level 1. HP: 19/19 MP: 0/0
    44 | D:1      | Found Vauptaoq's Weapon Shoppe.
   160 | D:1      | Reached XP level 2. HP: 27/27 MP: 1/1
   168 | D:1      | Reached skill level 4 in Fighting
   862 | D:2      | Found a faded altar of an unknown god.
   944 | D:2      | Reached XP level 3. HP: 26/33 MP: 2/2
   974 | D:2      | Noticed Terence
   987 | D:2      | Killed Terence
  1456 | D:3      | Identified the +0 leather armour of Relativism {^Contam
                  | rElec Int+4}
  1481 | D:3      | Reached XP level 4. HP: 40/41 MP: 3/3
  1687 | D:3      | Found the +8 pair of quick blades "Gyre" and "Gimble"
                  | {protect}
  1727 | D:3      | Found a hide-covered altar of Uskayaw.
  1772 | D:3      | Became a worshipper of Uskayaw the Reveller
  1832 | D:3      | Reached * piety under Uskayaw
  1998 | D:4      | Identified the +2 falchion of Jaetinam {venom, rElec rCorr}
  2042 | D:4      | Reached ** piety under Uskayaw
  2044 | D:4      | Reached *** piety under Uskayaw
  2045 | D:4      | Reached skill level 1 in Short Blades
  2046 | D:4      | Reached **** piety under Uskayaw
  2047 | D:4      | Reached skill level 1 in Invocations
  2130 | D:4      | Noticed Blork the orc
  2135 | D:4      | Killed Blork the orc
  2136 | D:4      | Reached skill level 5 in Fighting
  2136 | D:4      | Reached XP level 5. HP: 48/48 MP: 3/5
  2205 | D:4      | Noticed Menkaure
  2216 | D:4      | Killed Menkaure
  2217 | D:4      | Reached XP level 6. HP: 56/56 MP: 6/6
  2469 | D:4      | Found a glowing golden altar of the Shining One.
  2691 | D:5      | Entered Level 5 of the Dungeon
  2779 | D:5      | Reached skill level 6 in Fighting
  2779 | D:5      | Reached skill level 5 in Armour
  2787 | D:5      | Reached XP level 7. HP: 63/63 MP: 8/8
  2839 | D:5      | Found a stormy altar of Qazlal.
  2916 | D:5      | Found a broken altar of Ashenzari.
  3096 | D:5      | Found Baju's General Store.
  3098 | D:5      | Found Plog's Specific Store.
  3106 | D:5      | Bought a scroll of enchant weapon for 82 gold pieces
  3145 | D:6      | Found a staircase to the Ecumenical Temple.
  3325 | D:6      | Reached skill level 7 in Fighting
  3841 | D:7      | Found a flagged portal.
  3850 | Bailey   | Entered a bailey
  3886 | Bailey   | Reached XP level 8. HP: 73/73 MP: 10/10
  3926 | Bailey   | Reached skill level 5 in Short Blades
  3993 | Bailey   | Identified the +0 pair of gloves of Existentialism {Regen+
                  | Str-3 Dex+2}
  4127 | Bailey   | Reached skill level 5 in Invocations
  4174 | D:7      | Reached skill level 8 in Fighting
  4585 | D:8      | Reached XP level 9. HP: 69/82 MP: 12/12
  4684 | D:8      | Found a bloodstained altar of Trog.
  4710 | D:8      | Reached ***** piety under Uskayaw
  4750 | D:8      | Found an iron altar of Okawaru.
  4758 | D:8      | Reached skill level 9 in Fighting
  4774 | D:8      | Gained mutation: You are robust. (+10% HP) [potion of
                  | mutation]
  4774 | D:8      | Gained mutation: You are dopey. (Int -2) [potion of
                  | mutation]
  4774 | D:8      | Lost mutation: You are robust. (+10% HP) [potion of
                  | mutation]
  4774 | D:8      | Lost mutation: You are dopey. (Int -2) [potion of mutation]
  4814 | D:8      | Noticed Grum
  4821 | D:8      | Killed Grum
  4841 | D:8      | Found a glowing silver altar of Zin.
  4960 | D:8      | Noticed a four-headed hydra
  4960 | D:8      | Noticed a white ugly thing
  4964 | D:8      | Killed a four-headed hydra
  4965 | D:8      | Reached skill level 10 in Fighting
  4965 | D:8      | Reached XP level 10. HP: 87/93 MP: 14/14
  4967 | D:8      | Killed a white ugly thing
  4973 | D:8      | Noticed a cyclops
  4977 | D:8      | Noticed a manticore
  4978 | D:8      | Killed a cyclops
  4984 | D:8      | Killed a manticore
  4990 | D:8      | Reached ****** piety under Uskayaw
  5022 | D:8      | Got the Incunable of Ouranomancy
  5034 | D:8      | Noticed a deep elf pyromancer
  5039 | D:8      | Killed a deep elf pyromancer
  5167 | D:8      | Found a viscous altar of Jiyva.
  5222 | D:8      | Found a transporter.
  5222 | D:8      | Found a transporter.
  5326 | D:8      | Reached skill level 11 in Fighting
  5353 | D:8      | Found a burning altar of Makhleb.
  5362 | D:8      | Found a white marble altar of Elyvilon.
  5489 | D:9      | Noticed a centaur warrior
  5489 | D:9      | Noticed a tengu warrior
  5498 | D:9      | Killed a tengu warrior
  5504 | D:9      | Killed a centaur warrior
  5505 | D:9      | Reached XP level 11. HP: 77/104 MP: 16/16
  5558 | D:9      | Noticed a green ugly thing
  5561 | D:9      | Killed a green ugly thing
  5563 | D:9      | Noticed a green ugly thing
  5571 | D:9      | Killed a green ugly thing
  5652 | D:9      | Reached skill level 12 in Fighting
  5652 | D:9      | Reached skill level 10 in Short Blades
  5944 | D:9      | Found a hazy altar of Hepliaklqana.
  5997 | D:9      | Noticed a two-headed ogre
  6004 | D:9      | Killed a two-headed ogre
  6379 | D:10     | Entered Level 10 of the Dungeon
  6403 | D:10     | Reached skill level 10 in Invocations
  6484 | D:10     | Noticed a two-headed ogre
  6488 | D:10     | Killed a two-headed ogre
  6489 | D:10     | Reached skill level 13 in Fighting
  6535 | D:10     | Found a staircase to the Lair.
  6572 | D:10     | Reached XP level 12. HP: 115/115 MP: 18/18
  6694 | D:10     | Reached skill level 10 in Armour
  6917 | D:10     | Found a runed translucent door.
  6921 | D:10     | Found a basalt altar of Yredelemnul.
  7877 | D:12     | Found a staircase to the Orcish Mines.
  7888 | D:12     | Found a runed translucent gate.
  7888 | D:12     | Noticed an acid blob
  7889 | D:12     | Found a runed translucent gate.
  7889 | D:12     | Noticed an azure jelly
  7889 | D:12     | Noticed PanSaczeczos's ghost (journeyman SpAl)
  7889 | D:12     | Noticed an acid blob
  7889 | D:12     | Noticed an acid blob
  7889 | D:12     | Noticed a rockslime
  7889 | D:12     | Noticed an acid blob
  7890 | D:12     | Noticed an acid blob
  7890 | D:12     | Found a runed translucent gate.
  7890 | D:12     | Noticed an azure jelly
  7890 | D:12     | Noticed an azure jelly
  7904 | D:12     | Found a viscous altar of Jiyva.
  8189 | D:12     | Noticed Rupert
  8201 | D:12     | Killed Rupert
  8202 | D:12     | Reached skill level 14 in Fighting
  8247 | D:12     | Noticed a four-headed hydra
  8249 | D:12     | Noticed a boulder beetle
  8251 | D:12     | Killed a four-headed hydra
  8258 | D:12     | Killed a boulder beetle
  8273 | D:12     | Noticed a boulder beetle
  8282 | D:12     | Killed a boulder beetle
  8293 | D:12     | Noticed a shadow dragon
  8315 | D:12     | Killed a shadow dragon
  8503 | D:12     | Noticed a storm dragon
  8503 | D:12     | Noticed a rakshasa
  8503 | D:12     | Noticed a deep elf high priest
  8504 | D:12     | Noticed a frost giant
  8504 | D:12     | Noticed a frost giant
  8509 | D:12     | Killed a rakshasa
  8510 | D:12     | Killed a storm dragon
  8513 | D:12     | Killed a frost giant
  8514 | D:12     | Reached XP level 13. HP: 105/125 MP: 20/20
  8515 | D:12     | Killed a frost giant
  8570 | D:12     | Identified the ring "Qibbat" {rN+ Str+3 Int+6}
  8638 | D:12     | Noticed a fire giant
  8643 | D:12     | Killed a fire giant
  8644 | D:12     | Reached skill level 15 in Fighting
  9096 | Orc:1    | Entered Level 1 of the Orcish Mines
  9104 | Orc:1    | Noticed Josephine
  9115 | Orc:1    | Killed Josephine
  9339 | Orc:2    | Entered Level 2 of the Orcish Mines
  9339 | Orc:2    | Found Agaschig's Antique Weapon Shoppe.
  9339 | Orc:2    | Found Meobih's Jewellery Shop.
  9390 | Orc:2    | Found a staircase to the Elven Halls.
  9467 | Orc:2    | Noticed an ettin
  9477 | Orc:2    | Killed an ettin
  9713 | Orc:2    | Found Heusk's Jewellery Shoppe.
  9715 | Orc:2    | Found Quecapik's Book Shop.
  9717 | Orc:2    | Found Rysug's Magic Scroll Emporium.
  9731 | Orc:2    | Bought an amulet of regeneration for 480 gold pieces
  9954 | Lair:1   | Entered Level 1 of the Lair of Beasts
  9989 | Lair:1   | Reached skill level 16 in Fighting
 10060 | Lair:1   | Reached XP level 14. HP: 137/137 MP: 22/22
 10196 | Lair:1   | Identified the +10 falchion of Virtue {heavy, rF+ rC+ Will+
                  | Dex+2}
 10627 | Lair:2   | Noticed Sonja
 10641 | Lair:2   | Killed Sonja
 10813 | Lair:2   | Found a runed translucent door.
 10912 | Lair:2   | Noticed Arcadio's ghost (journeyman OnCA)
 11392 | Lair:3   | Found a hole to the Spider Nest.
 11521 | Lair:3   | Found a staircase to the Shoals.
 11533 | Lair:3   | Reached skill level 1 in Dodging
 11623 | Lair:3   | Reached skill level 17 in Fighting
 12280 | Lair:4   | Identified the +2 pair of gloves of Liberty {*Slow rC++
                  | rCorr Slay+2}
 12343 | Lair:4   | Identified the +0 leather armour "Ymebiom" {rElec rPois rF-
                  | Str+4}
 12761 | Lair:5   | Entered Level 5 of the Lair of Beasts
 12909 | Lair:5   | Reached XP level 15. HP: 147/147 MP: 24/24
 12956 | Lair:5   | Reached skill level 5 in Dodging
 13098 | Lair:5   | Got an earthy gem with 457 turns to spare
 13351 | Lair:5   | Reached skill level 18 in Fighting
 13373 | Lair:5   | Found a viscous altar of Jiyva.
 13373 | Lair:5   | Found a staircase to the Slime Pits.
 13540 | Lair:5   | Lost the earthy gem through the power of Zot.Gained a life
                  | (3 lives remaining)
 13664 | Spider:1 | Entered Level 1 of the Spider Nest
 13730 | Spider:1 | Found a frozen archway.
 13748 | IceCv    | Entered an ice cave
 13814 | IceCv    | Identified the +7 ice dragon scales of the Slorg {rF- rC++
                  | rCorr Str+3}
 13834 | IceCv    | Reached skill level 15 in Invocations
 14356 | IceCv    | Reached skill level 15 in Armour
 14386 | IceCv    | Identified the staff "Oguterrutt" {rElec rPois rC++ rN+
                  | Str-5 Alchemy}
 14611 | Spider:1 | Noticed an emperor scorpion
 14624 | Spider:1 | Killed an emperor scorpion
 14644 | Spider:1 | Reached XP level 16. HP: 126/159 MP: 26/26
 14759 | Spider:2 | Identified the serpent talisman "Tuume" {rElec rC+++ Int-5
                  | Dex-5}
 14759 | Spider:2 | Noticed Aizul
 14773 | Spider:2 | Killed Aizul
 14902 | Spider:2 | Reached skill level 19 in Fighting
 15408 | Spider:4 | Entered Level 4 of the Spider Nest
 15497 | Spider:4 | Identified the serpent talisman of the Gloaming {rElec rF++
                  | Dex+2 Stlth+}
 15509 | Spider:4 | Noticed Nikola
 15521 | Spider:4 | Killed Nikola
 15820 | Spider:4 | Reached skill level 10 in Dodging
 15836 | Spider:4 | Blown up by an orb spider

Illustrated notes

Levels and vault maps discovered:
D:1:      wander_arrival_desolate, layout_loops_ring, serial_shops,
          nicolae_shop_stone, item_on_display_a
D:2:      layout_basic, chequers_ecumenical_altar_island, uniq_terence
D:3:      minmay_door_path, layout_basic, overflow_temple_1_default,
          minmay_misc_feat_doors
D:4:      cheibrodos_pilgrimage, layout_basic,
          mainiacjoe_overflow_six_doors_small, minivault_14, minmay_manual_mail,
          uniq_blork_the_orc, uniq_menkaure
D:5:      layout_cave_pools, lemuel_tele_altar,
          nicolae_qazlal_general_emergency, nicolae_specific_store,
          kennysheep_another_room, minmay_ogre_servants
D:6:      layout_loops_ring, minmay_temple_entry_sparse_star,
          minmay_misc_feat_chi, hangedman_decor_clover_reticule
D:7:      layout_cave_pools, enter_bailey_2
D:8:      gammafunk_jiyva_shrine, layout_basic,
          mainiacjoe_overflow_surrounded_room, kennysheep_okawaru_gauntlet,
          mainiacjoe_overflow_brackets, mainiacjoe_overflow_swirl,
          minmay_evil_grid, uniq_grum
D:9:      minmay_the_grid_four_pointed_star
          [minmay_the_grid_triangle_9x9_swiss_cheese,
          minmay_the_grid_triangle_9x9_windchime,
          minmay_the_grid_triangle_9x9_negative_grid,
          minmay_the_grid_triangle_9x9_skeleton,
          minmay_the_grid_prize_inner_circle], layout_irregular_city,
          mainiacjoe_overflow_tiny_flanked, nicolae_twisty_statue_hallways
D:10:     layout_roguey, dk_yredelemnul_ordeal, david_lair_generic,
          kennysheep_generic_room_5
D:11:     layout_stronghold
D:12:     minmay_tile_spiral, layout_basic, orc_0_dummy, gammafunk_ghost_ooze,
          billiards_dpeg, uniq_rupert
Lair:1:   layout_hall_layers, hangedman_lair_unloving_vines,
          nicolae_quartered_pool_super, pond
Lair:2:   layout_gridlike, ebering_ghost_reflecting_pool, uniq_sonja
Lair:3:   layout_cave_pods, minmay_shoals_entry_beasts,
          spider_nest_entry_rubble, minmay_hedge_maze
Lair:4:   layout_misc_corridors, grunt_megastairs_1
Lair:5:   gammafunk_lair_ancient_temple, layout_misc_corridors,
          nicolae_slime_entry_slimehenge, lemuel_fruit_tree
Spider:1: layout_chambers, portal_ice_cave_entry_pillars_three, uniq_mlioglotl,
          uniq_agnes
Spider:2: nicolae_spider_corner, uniq_aizul
Spider:3: layout_spider_delve, nicolae_spider_twisty_arc_passages, uniq_arachne
Spider:4: johnstein_spider_rune_arachne_lair, uniq_nikola
Orc:1:    layout_diamond_mine, serial_shops, nicolae_shop_window_shopping,
          uniq_josephine
Orc:2:    st_orc_rangers, layout_caves, serial_shops, shop,
          minmay_shop_enchanted_jewellery

Skill      XL: |  1  2  3  4  5  6  7  8  9 10 11 12 13 14 15 16 |
---------------+-------------------------------------------------+-----
Fighting       | 4 5 6 7 8 10 11 13 14 16 17 18 19 | 19.6
Axes           | 3 |  3.8
Armour         | 4 5 6 7 8 9 11 12 13 15 16 | 16.3
Short Blades   | 1 2 3 4 6 7 9 11 12 14 | 14.0
Invocations    | 1 2 3 4 5 7 8 10 11 13 14 15 16 | 16.2
Dodging        | 4 8 10 | 10.0
Shields        | |  3.8

Action                     |  1- 3 |  4- 6 |  7- 9 | 10-12 | 13-15 | 16-18 || total
---------------------------+-------+-------+-------+-------+-------+-------++-------
  Melee: War axe           |    85 |    10 |       |       |       |       ||    95
         Headbutt          |    16 |    18 |    72 |   224 |   597 |   284 ||  1211
         Pair of quick bla |       |    96 |   327 |   815 |  2084 |   897 ||  4219
 Invoke: Grand Finale      |       |       |       |       |     2 |     1 ||     3
  Evoke: Wand              |       |       |       |       |     3 |       ||     3
    Use: Potion            |       |       |     5 |     1 |       |     1 ||     7
         Scroll            |       |       |       |    21 |     4 |       ||    25
   Stab: Paralysed         |       |     3 |    12 |    47 |    96 |    28 ||   186
 Armour: Scale mail        |    35 |    20 |    39 |       |       |       ||    94
         Plate armour      |       |       |    69 |   203 |   463 |   269 ||  1004
  Dodge: Dodged            |    44 |    26 |    72 |   127 |   317 |   174 ||   760
         Repelled          |       |       |       |       |     2 |       ||     2
  Block: Buckler           |     6 |       |       |       |       |       ||     6
         Kite shield       |    23 |     5 |       |       |       |       ||    28
         Other             |       |       |       |    23 |    31 |       ||    54
         Reflection        |       |       |       |     1 |    20 |       ||    21

Table legend: (Time is in decaauts)
 A = Elapsed time spent in this place.
 B = Non-inter-level travel time spent in this place.
 C = Inter-level travel time spent in this place.
 D = Time resting spent in this place.
 E = Time spent auto-exploring this place.
 F = Levels seen in this place.
 G = Mean time per level.
                   A        B        C        D        E       F      G
               +--------+--------+--------+--------+--------+-----+--------+
         Total |  16296 |  15594 |    702 |    578 |  11965 |  25 |  651.8 |
       Dungeon |   9167 |   8704 |    463 |    296 |   6965 |  12 |  763.9 |
          Lair |   3886 |   3711 |    175 |     21 |   3082 |   5 |  777.2 |
   Spider Nest |   1414 |   1396 |     18 |    204 |    732 |   4 |  353.5 |
  Orcish Mines |    811 |    766 |     45 |      0 |    563 |   2 |  405.5 |
        Bailey |    341 |    341 |      0 |     57 |    143 |   1 |  341.0 |
      Ice Cave |    674 |    674 |      0 |      0 |    478 |   1 |  674.0 |
               +--------+--------+--------+--------+--------+-----+--------+

Top non-repeatable levels by time:
    D:12: 1388 daAuts
     D:9: 1044 daAuts
  Lair:3: 941 daAuts
    D:11: 890 daAuts
     D:8: 861 daAuts
  Lair:2: 851 daAuts
  Lair:5: 849 daAuts
     D:4: 702 daAuts
     D:3: 699 daAuts
     D:1: 697 daAuts
     D:6: 685 daAuts
   IceCv: 674 daAuts
Spider:2: 669 daAuts
    D:10: 645 daAuts
     D:2: 637 daAuts
